 Dungeon Crawl Stone Soup version 0.18.1-50-g88ac8fd (webtiles) character file.

214490 Chiseanne the Peltast (level 17, 0/148 HPs)
             Began as a Centaur Abyssal Knight on Oct 27, 2016.
             Was a Priest of Lugonu.
             Killed from afar by Aizul (8 damage)
             ... with a poison arrow
             ... on level 1 of the Vaults on Mar 26, 2017.
             The game lasted 03:39:27 (49676 turns).

Chiseanne the Peltast (Centaur Abyssal Knight)     Turns: 49676, Time: 03:39:28

Health: 0/148      AC: 32    Str: 16 (28) XL:     17   Next: 84%
Magic:  15/29      EV:  9    Int:  4 (7)  God:    Lugonu [***...]
Gold:   289        SH: 25    Dex: 12 (19) Spells: 1 memorised, 15 levels left

rFire  + . .     SeeInvis .     g - +5 demon trident (freeze)
rCold  x . .     Gourm    .     l - +1 scale mail of Amorality {rF+ Regen+ Int-2 Dex+2}
rNeg   + . .     Faith    .     z - +2 large shield
rPois  +         Spirit   .     D - +1 helmet
rElec  +         Dismiss  .     J - +0 cloak
rCorr  .         Reflect  +     x - +1 pair of gloves
SustAt .         Harm     .     r - +2 centaur barding
MR     +....                    y - amulet "Sirpha" {Reflect rPois rN+ Str+4 SH+4}
Stlth  ..........               O - +5 ring of strength
                                n - ring "Qaloe" {+Fly rElec rC- Dex+3 Stlth-}

@: lethally poisoned (0 -> -37), very quick, somewhat resistant to hostile
enchantments, extremely unstealthy
A: hooves 3, iridescent scales 1, slimy green scales 1, yellow scales 1,
deformed body, deterioration 1, dopey 1, speed 2, high mp 1, poison resistance,
shaggy fur 1, strong 1, tough skin 3
a: Depart the Abyss, Bend Space, Banish, Renounce Religion, Evoke Flight
}: 2/15 runes: barnacled, gossamer


You were on level 1 of the Vaults.
You worshipped Lugonu.
Lugonu was most pleased with you.
You were near starving.

You visited 6 branches of the dungeon, and saw 35 of its levels.
You visited the Abyss 5 times.

You collected 3318 gold pieces.
You spent 3029 gold pieces at shops.

Inventory:

Hand Weapons
 a - a +4 flail of protection
 d - a +2 falchion of holy wrath
 e - a +6 antimagic hand axe
 f - a +2 hand axe of flaming
 g - a +5 demon trident of freezing (weapon)
 s - a +2 rapier of venom
Missiles
 p - 18 poisoned javelins (quivered)
 E - 5 throwing nets
Armour
 l - the +1 scale mail of Amorality (worn) {rF+ Regen+ Int-2 Dex+2}
   (You bought it in a shop on level 2 of the Orcish Mines)

   It affects your intelligence (-2).
   It affects your dexterity (+2).
   It protects you from fire.
   It increases your rate of regeneration.
 r - a +2 centaur barding (worn)
 x - a +1 pair of gloves (worn)
 z - a +2 large shield (worn)
 D - a +1 helmet (worn)
 J - a +0 cloak (worn)
Jewellery
 n - the ring "Qaloe" (left hand) {+Fly rElec rC- Dex+3 Stlth-}
   (You bought it in a shop on level 4 of the Dungeon)

   [ring of dexterity]

   It affects your dexterity (+3).
   It makes you vulnerable to cold.
   It insulates you from electricity.
   It lets you fly.
   It makes you less stealthy.
 y - the amulet "Sirpha" (around neck) {Reflect rPois rN+ Str+4 SH+4}
   (You bought it in a shop on level 6 of the Dungeon)

   [amulet of reflection]

   It shields you and reflects attacks.
   It affects your strength (+4).
   It protects you from poison.
   It protects you from negative energy.
   It affects your SH (+4).
 O - a +5 ring of strength (right hand)
Wands
 o - a wand of acid (7/15)
 H - a wand of heal wounds (3/9)
 N - a wand of disintegration (5/24)
 U - a wand of digging (2/24)
 X - a wand of teleportation (5/9)
Scrolls
 j - a scroll of fear
 k - a scroll of blinking
 t - 4 scrolls of magic mapping
 G - 8 scrolls of remove curse
 I - a scroll of recharging
Potions
 m - a potion of ambrosia
 B - a potion of berserk rage
 F - a potion of curing
 K - 2 potions of cancellation
Books
 i - a book of Minor Magic

   Spells                             Type                      Level
   a - Magic Dart                     Conjuration                  1
   b - Blink                          Translocation                2
   c - Call Imp                       Summoning                    2
   d - Repel Missiles                 Charms/Air                   2
   e - Slow                           Hexes                        2
   f - Conjure Flame                  Conjuration/Fire             3
   g - Mephitic Cloud                 Conjuration/Poison/Air       3
Miscellaneous
 W - a fan of gales (inert)
Comestibles
 c - 10 bread rations
 h - 14 meat rations


   Skills:
 - Level 12.7 Fighting
 - Level 1.7(4.3) Axes
 * Level 6.2(6.4) Maces & Flails
 - Level 10.0 Armour
 - Level 9.2 Dodging
 + Level 16.1 Shields
 - Level 13.3 Invocations


You had 15 spell levels left.
You knew the following spells:

 Your Spells              Type           Power        Failure   Level  Hunger
a - Apportation           Tloc           #.........   98%         1    ##.....


Dungeon Overview and Level Annotations

Branches:
Dungeon (15/15)            Temple (0/1) D:6            Lair (8/8) D:8
 Shoals (4/4) Lair:6       Spider (4/4) Lair:5        Slime (0/6) Lair:8
    Orc (2/2) D:9             Elf (0/3) Orc:2        Vaults (2/5) D:13
 Depths (0/5) D:15
  Crypt: Vaults:2-3

Altars:
Ashenzari
Cheibriados
Dithmenos
Elyvilon
Gozag
Kikubaaqudgha
Makhleb
Nemelex Xobeh
Okawaru
Qazlal
Ru
Trog
Vehumet
Yredelemnul
Jiyva

Shops:
D:4 =   D:6 =   D:9 (   Orc:2 :(*[   Shoals:2 ?

Portals:
Hell: Lair:8

Annotations:
D:4 Eligius's ghost, novice MiFi
Shoals:1 corrupted
Shoals:2 exclusion: upstairs
Shoals:3 Ilsuiw; magog001's ghost, journeyman MiFi
Spider:4 corrupted
Vaults:1 Aizul
Abyss:1 Arachne; Louise; Snorg


Innate Abilities, Weirdness & Mutations

You have hooves in place of feet.
Armour fits poorly on your strangely shaped body.
You cover ground very quickly.
You have extremely tough skin (AC +3).
You are partially covered in iridescent scales (AC +4).
You are partially covered in slimy green scales (AC +2).
You are partially covered in yellow scales (AC +2).
Your body sometimes deteriorates upon taking damage.
You are dopey. (Int -2)
You have an increased reservoir of magic (+10% MP).
Your system is resistant to poisons.
You are covered in fur (AC +1).
Your muscles are strong. (Str +2)


Message History

Aizul hits you but does no damage.
Your air elemental hits Aizul but does no damage.
The kobold demonologist casts a spell.
Aizul says, "Feeling sleepy?"
You block Aizul's attack.
The orc knight hits you from afar with a glaive!
* * * LOW HITPOINT WARNING * * *
You barely miss Aizul.
Aizul is moderately wounded.
* * * LOW HITPOINT WARNING * * *
You feel very sick.
Your air elemental hits Aizul. x2
The kobold demonologist mumbles some strange words.
Your air elemental hits Aizul but does no damage.
Aizul hits your air elemental.
Aizul coils himself and waves his upper body at you.
The poison arrow hits you!
You are more poisoned.
You partially resist.
You die...

#........ +..
#........ #..
#..#####.3......
##.
.....O.5O5.5...K
#.
......ยง#TK....p.
#.
########Ocp.....
#. #poD..... ##
##S#######
#.@E....#
#.......#
#.......#
#...>...#
#.......#
#.......#
####+#### #####


You could see Aizul, an ironheart preserver, an orc knight, an ogre mage, an
ironbrand convoker, a deep troll shaman, a yaktaur, a kobold demonologist, a
two-headed ogre, a chaos spawn, a crimson imp, a shadow imp, an ufetubus and a
friendly air elemental.

Vanquished Creatures
  Jorgrun (Vaults:1)
  Kirke (Lair:8)
  A frost giant (Shoals:4)
  An orc warlord (Orc:1)
  An ironheart preserver (Vaults:1)
  A dire elephant (Lair:8)
  A spark wasp (Spider:3)
  An ettin (D:9)
  3 merfolk impalers (Shoals:4)
  Erolcha (D:13)
  7 hydras
  4 merfolk avatars
  An ogre mage (D:14)
  2 centaur warriors
  A catoblepas (Lair:8)
  An alligator snapping turtle (Shoals:4)
  5 merfolk aquamancers (Shoals:4)
  7 death yaks
  2 tengu warriors (D:15)
  2 wizards
  An unseen horror (D:13)
  9 sea snakes
  A giant orange brain (Vaults:1)
  4 hill giants
  10 orb spiders
  A deep elf mage (D:12)
  31 wolf spiders
  4 orc knights
  11 fauns
  4 ugly things
  2 necromancers (D:13)
  An orc sorcerer (Orc:1)
  5 cyclopes
  4 manticores
  7 hornets
  10 griffons
  3 centaur zombies
  22 elephants
  3 black mambas
  5 sirens
  A sixfirhy (Lair:8)
  2 orange demons (Lair:8)
  A water nymph (Shoals:2)
  3 gargoyles
  18 spiny frogs
  A kobold demonologist (D:11)
  16 komodo dragons
  A yaktaur (shapeshifter) (D:15)
  3 rime drakes (Lair:8)
  12 demonic crawlers
  A hellwing (Lair:8)
  An ice devil (Lair:8)
  8 trolls
  17 merfolk
  A red devil (Lair:8)
  A queen bee (shapeshifter) (D:15)
  27 jumping spiders
  A wind drake (Shoals:4)
  A polar bear (Lair:8)
  8 snapping turtles
  6 two-headed ogres
  3 slime creatures
  4 flying skulls (Abyss:3)
  14 blink frogs
  2 boulder beetles
  A spriggan (shapeshifter) (D:15)
  2 shadows
  28 tarantellas
  53 redbacks
  3 basilisks
  A wraith (D:14)
  9 water elementals
  2 wyverns
  55 yaks
  12 hippogriffs
  A yak (shapeshifter) (Vaults:1)
  2 steam dragons
  6 hogs (Lair:8)
  3 vampire mosquitoes (D:15)
  20 humans (D:13)
  Edmund (D:5)
  Menkaure (Abyss:1)
  6 wargs
  A soldier ant (shapeshifter) (D:15)
  3 mottled dragons
  12 water moccasins
  7 porcupines
  2 black bears
  29 orc warriors
  Purgy (D:3)
  5 eyes of draining
  3 ice beasts
  4 sky beasts
  2 wasps
  2 phantoms
  3 boggarts (D:15)
  13 ogres
  24 wolves
  9 centaurs
  18 crocodiles
  22 giant frogs
  5 big kobolds
  2 wyvern zombies
  A water moccasin zombie (D:6)
  3 wyvern skeletons
  4 scorpions
  4 vampire bats
  8 killer bees
  3 howler monkeys
  5 wights (D:12)
  3 electric eels
  4 crimson imps
  8 hounds
  A quasit (Abyss:1)
  3 giant frog zombies
  5 jellies
  22 orc wizards
  17 orc priests
  4 centaur skeletons
  3 giant frog skeletons
  3 gnoll shamans
  7 iguanas
  11 worker ants
  18 sheep
  A hound skeleton (D:8)
  2 worker ant zombies
  Robin (D:3)
  16 gnolls
  8 adders
  50 river rats
  5 shadow imps
  2 oozes
  3 adder zombies
  3 worms
  5 dart slugs
  6 giant geckos
  71 orcs
  5 ball pythons
  13 bats
  2 giant cockroaches
  10 hobgoblins
  8 jackals
  6 quokkas
  A giant cockroach zombie (D:6)
  6 giant newts
  17 goblins
  13 kobolds
  A quokka skeleton (D:7)
  3 rats (D:1)
  2 fungi
1105 creatures vanquished.

Vanquished Creatures (collateral kills)
  A merfolk avatar (Shoals:4)
  A wind drake (Shoals:4)
2 creatures vanquished.

Vanquished Creatures (others)
  The ghost of Chiseanne the Cruncher, an adept CeAK of Lugonu (Spider:2)
  Wiglaf (Spider:4)
  A ghost moth (Spider:4)
  An emperor scorpion (Spider:4)
  A stone giant (shapeshifter) (D:15)
  2 merfolk impalers (Shoals:4)
  4 merfolk javelineers
  A vault guard (D:13)
  2 fire dragons
  3 entropy weavers
  4 hydras
  An ogre mage (D:15)
  A merfolk avatar (Shoals:2)
  2 satyrs
  3 merfolk aquamancers
  A death yak (Lair:7)
  2 orc high priests (Orc:2)
  2 sea snakes (Shoals:1)
  2 hill giants
  5 harpies (Shoals:1)
  4 orb spiders
  2 ugly things
  2 fauns
  2 orc sorcerers (Orc:2)
  3 wolf spiders (Spider:4)
  2 manticores
  An elephant (D:8)
  2 sirens
  A smoke demon (Lair:8)
  3 water nymphs
  A gargoyle (D:12)
  A torpor snail (shapeshifter) (D:12)
  A yaktaur (Shoals:4)
  2 freezing wraiths
  A demonic crawler (Spider:4)
  4 ice devils (Lair:8)
  6 jumping spiders
  2 red devils (Lair:8)
  2 wind drakes
  4 snapping turtles
  5 slime creatures
  8 redbacks
  A tarantella (Spider:4)
  2 water elementals (Shoals:1)
  A vampire (D:11)
  2 hippogriffs (Shoals:1)
  A human (Lair:8)
  A sky beast (D:5)
  2 ogres (D:5)
  An orc wizard (Orc:1)
  6 bushes
  33 fungi
  40 plants
  26 starspawn tentacles
  574 starspawn tentacle segments
  4 tentacles (Shoals:4)
  36 tentacle segments (Shoals:4)
829 creatures vanquished.

Grand Total: 1936 creatures vanquished

Notes
Turn   | Place    | Note
--------------------------------------------------------------
     0 | Abyss:1  | Chiseanne the Centaur Abyssal Knight began the quest for the Orb.
     0 | Abyss:1  | Reached XP level 1. HP: 19/19 MP: 2/2
   105 | Abyss:1  | Found a corrupted altar of Lugonu.
   154 | Abyss:1  | Noticed a large abomination
   159 | Abyss:1  | Noticed a rust devil
   172 | Abyss:1  | Noticed a large abomination
   185 | Abyss:1  | Noticed a tentacled starspawn
   188 | D:1      | Escaped the Abyss
   432 | D:1      | Reached XP level 2. HP: 26/26 MP: 3/3
   462 | D:1      | Reached * piety under Lugonu
   965 | D:1      | Reached XP level 3. HP: 31/31 MP: 4/4
  1623 | D:2      | Reached XP level 4. HP: 20/40 MP: 6/6
  2042 | D:2      | Found a shattered altar of Ashenzari.
  2143 | D:3      | Noticed Robin
  2150 | D:3      | Reached ** piety under Lugonu
  2156 | D:3      | Killed Robin
  2388 | D:3      | Reached skill level 1 in Dodging
  2546 | D:3      | Found a sacrificial altar of Ru.
  2551 | D:3      | Reached XP level 5. HP: 46/46 MP: 7/7
  3307 | D:4      | Noticed an ogre
  3314 | D:4      | Killed an ogre
  3314 | D:4      | Reached XP level 6. HP: 53/53 MP: 9/9
  3449 | D:4      | Noticed Eligius's ghost (novice MiFi)
  3483 | D:4      | Noticed Purgy
  3751 | D:3      | Killed Purgy
  4274 | D:4      | Reached *** piety under Lugonu
  4311 | D:4      | Found an opulent altar of Gozag.
  4311 | D:4      | Found a sparkling altar of Nemelex Xobeh.
  4327 | D:4      | Reached XP level 7. HP: 45/60 MP: 10/10
  4510 | D:4      | Found Epogozao's Jewellery Shop.
  4560 | D:5      | Entered Level 5 of the Dungeon
  4562 | D:5      | Reached skill level 5 in Fighting
  4742 | D:5      | Noticed Edmund
  4749 | D:5      | Gained mutation: Your body sometimes deteriorates upon taking damage. [potion of mutation]
  4749 | D:5      | Gained mutation: You are covered in fur (AC +1). [potion of mutation]
  4749 | D:5      | Gained mutation: You have an increased reservoir of magic (+10% MP). [potion of mutation]
  4800 | D:5      | Killed Edmund
  4800 | D:5      | Reached skill level 5 in Invocations
  5082 | D:5      | Gained mutation: You are dopey. (Int -2) [potion of mutation]
  5082 | D:5      | Gained mutation: You are partially covered in slimy green scales (AC +2). [potion of mutation]
  5168 | D:5      | Noticed Menkaure
  5189 | D:5      | Banished Menkaure
  5375 | D:5      | Reached XP level 8. HP: 28/70 MP: 13/13
  5939 | D:4      | Bought the ring "Qaloe" {+Fly rElec rC- Dex+3 Stlth-} for 234 gold pieces
  5983 | D:6      | Found Hinoleant's Jewellery Shop.
  6308 | D:6      | Bought a cursed amulet of inaccuracy for 24 gold pieces
  6308 | D:6      | Bought a cursed -3 ring of protection for 24 gold pieces
  6335 | D:6      | Found a white marble altar of Elyvilon.
  6413 | D:6      | Found a staircase to the Ecumenical Temple.
  6702 | D:6      | Found a sacrificial altar of Ru.
  6812 | D:6      | Found a burning altar of Makhleb.
  6817 | D:6      | Found a shadowy altar of Dithmenos.
  6817 | D:6      | Found an ancient bone altar of Kikubaaqudgha.
  6818 | D:6      | Found a stormy altar of Qazlal.
  6819 | D:6      | Found a radiant altar of Vehumet.
  6820 | D:6      | Found a basalt altar of Yredelemnul.
  6821 | D:6      | Found a snail-covered altar of Cheibriados.
  7344 | D:7      | Reached XP level 9. HP: 78/78 MP: 15/15
  7426 | D:7      | Found an iron altar of Okawaru.
  7427 | D:7      | Found a bloodstained altar of Trog.
  7946 | D:8      | Noticed an elephant
  7957 | D:8      | Banished an elephant
  8143 | D:8      | Found a staircase to the Lair.
  8287 | D:8      | Got a fine hunting sling
  8288 | D:8      | Identified the +4 hunting sling of Disharmony {flame, Int+7 Dex+4} (You found it on level 8 of the Dungeon)
  8398 | D:8      | Reached skill level 5 in Armour
  8519 | D:8      | Reached skill level 5 in Dodging
  8708 | D:9      | Reached **** piety under Lugonu
  9040 | D:9      | Reached XP level 10. HP: 68/88 MP: 17/17
  9188 | D:9      | Found Feasuywa's Weapon Emporium.
  9219 | D:9      | Found a staircase to the Orcish Mines.
 10064 | D:9      | Noticed a three-headed hydra
 10068 | D:9      | Killed a one-headed hydra
 10134 | D:10     | Entered Level 10 of the Dungeon
 10245 | D:10     | Noticed a gargoyle
 10281 | D:10     | Killed a gargoyle
 10850 | D:10     | Noticed a hill giant
 10854 | D:10     | Banished a hill giant
 10855 | D:10     | Found a snail-covered altar of Cheibriados.
 11046 | D:11     | Got a fabulously ornate robe
 11057 | D:11     | Identified the +2 robe of Omimoic {-Tele rN+ Dex+8} (You found it on level 11 of the Dungeon)
 11083 | D:11     | Noticed a brown ugly thing
 11121 | D:11     | Banished a brown ugly thing
 11330 | D:11     | Reached XP level 11. HP: 46/97 MP: 19/19
 12337 | D:11     | Noticed a hill giant
 12338 | D:11     | Banished a hill giant
 13234 | D:12     | Reached skill level 10 in Invocations
 13794 | D:12     | Noticed an eight-headed hydra
 13814 | D:12     | Banished a seven-headed hydra
 14109 | D:12     | Reached skill level 10 in Fighting
 14157 | D:12     | Noticed a centaur warrior
 14171 | D:12     | Killed a centaur warrior
 14568 | D:12     | Noticed a griffon
 15408 | D:12     | Noticed a hill giant
 15424 | D:12     | Banished a hill giant
 15424 | D:12     | Reached XP level 12. HP: 32/107 MP: 22/22
 15747 | D:12     | Noticed a hell hog
 15759 | D:12     | a hell hog changed into a torpor snail
 16572 | D:12     | Noticed a five-headed hydra
 16584 | D:12     | Banished a five-headed hydra
 17091 | D:13     | Noticed an eight-headed hydra
 17092 | D:13     | Banished an eight-headed hydra
 17215 | D:13     | Noticed Erolcha
 17221 | D:13     | Cast into level 1 of the Abyss (Erolcha)
 17231 | Abyss:1  | Killed Menkaure
 17246 | Abyss:1  | Noticed a hell hog
 17250 | Abyss:1  | Noticed a hell hog
 17251 | Abyss:1  | Noticed a hell hog
 17253 | Abyss:1  | Noticed a hell hog
 17255 | D:13     | Escaped the Abyss
 17268 | D:13     | Cast into level 2 of the Abyss (Erolcha)
 17450 | D:13     | Escaped the Abyss
 17455 | D:13     | Killed Erolcha
 18402 | D:6      | Bought the amulet "Sirpha" {Reflect rPois rN+ Str+4 SH+4} for 585 gold pieces
 18941 | D:13     | Learned a level 1 spell: Apportation
 19050 | D:13     | Gained mutation: Your system is resistant to poisons. [potion of beneficial mutation]
 19317 | D:13     | Noticed a vault guard
 19333 | D:13     | Banished a vault guard
 20037 | D:13     | Reached XP level 13. HP: 114/116 MP: 24/24
 20074 | D:13     | Found a gate to the Vaults.
 20105 | D:13     | Identified the Reference Book on the Unholy Blaze
 20132 | D:13     | Identified the Papyrus of Damaging Calling (You found it on level 13 of the Dungeon)
 20712 | D:14     | Noticed Snorg
 20721 | D:14     | Banished Snorg
 21819 | D:14     | Cast into level 3 of the Abyss (an ogre mage)
 21830 | Abyss:3  | Found a basalt altar of Yredelemnul.
 21850 | Abyss:3  | Noticed a starcursed mass
 21892 | D:14     | Escaped the Abyss
 21911 | D:14     | Cast into level 2 of the Abyss (an ogre mage)
 21962 | D:14     | Escaped the Abyss
 22031 | D:14     | Gained mutation: Your muscles are strong. (Str +2) [potion of beneficial mutation]
 22080 | D:15     | Entered Level 15 of the Dungeon
 22942 | D:15     | Noticed a fire dragon
 22945 | D:15     | Banished a fire dragon
 23287 | D:15     | Found a staircase to the Depths.
 23338 | D:15     | Noticed a frost giant
 23342 | D:15     | Noticed a stone giant
 23342 | D:15     | a frost giant changed into a stone giant
 23349 | D:15     | Banished a stone giant
 23478 | D:15     | Found a stormy altar of Qazlal.
 23615 | D:15     | Reached skill level 1 in Shields
 24428 | D:13     | Gained mutation: You are partially covered in iridescent scales (AC +4). [mutagenic meat]
 24503 | Orc:1    | Entered Level 1 of the Orcish Mines
 24506 | Orc:1    | Noticed an ettin
 24552 | D:9      | Killed an ettin
 25037 | Orc:1    | Reached XP level 14. HP: 111/127 MP: 26/26
 25078 | Orc:1    | Reached skill level 2 in Shields
 25251 | Orc:1    | Reached skill level 10 in Armour
 25647 | Orc:2    | Entered Level 2 of the Orcish Mines
 25647 | Orc:2    | Found Salaoxtyrch's Antique Armour Shop.
 25836 | Orc:2    | Bought a heavily runed scale mail for 360 gold pieces
 25836 | Orc:2    | Bought a runed shield for 180 gold pieces
 25859 | Orc:1    | Identified the cursed +1 scale mail of Amorality {rF+ Regen+ Int-2 Dex+2} (You bought it in a shop on level 2 of the Orcish Mines)
 26044 | Orc:2    | Reached skill level 3 in Shields
 26048 | Orc:2    | Found Keud's General Store.
 26066 | Orc:2    | Bought a scroll of blinking for 112 gold pieces
 26066 | Orc:2    | Bought a scroll of identify for 30 gold pieces
 26185 | Orc:2    | Found Akuneuf's Antique Weapon Boutique.
 26241 | Orc:2    | Noticed an orc warlord
 26528 | Orc:1    | Killed an orc warlord
 26528 | Orc:1    | Reached skill level 4 in Shields
 26925 | Orc:2    | Found Ifufuw's Book Shoppe.
 27006 | Orc:2    | Reached skill level 5 in Shields
 27040 | Orc:2    | Found a staircase to the Elven Halls.
 27407 | Lair:1   | Entered Level 1 of the Lair of Beasts
 27546 | Orc:2    | Bought a slimy rapier for 270 gold pieces
 27547 | Orc:2    | Identified the +9 rapier "Ujuo" {holy, Fragile rElec rPois rF+++} (You bought it in a shop on level 2 of the Orcish Mines)
 27995 | Lair:1   | Reached ***** piety under Lugonu
 28378 | Lair:2   | Reached skill level 6 in Shields
 29484 | Lair:3   | Reached skill level 7 in Shields
 30043 | Lair:4   | You fall through a shaft for 2 floors!
 30369 | Lair:5   | Found a hole to the Spider Nest.
 30707 | Lair:4   | Reached skill level 8 in Shields
 32207 | Lair:6   | Found a staircase to the Shoals.
 32931 | Lair:7   | Reached XP level 15. HP: 96/134 MP: 27/27
 32953 | Lair:7   | Reached skill level 9 in Shields
 34152 | Lair:8   | Entered Level 8 of the Lair of Beasts
 34196 | Lair:7   | Reached skill level 10 in Shields
 34245 | Lair:8   | Gained mutation: You are partially covered in yellow scales (AC +2). [potion of beneficial mutation]
 34357 | Lair:8   | Reached ****** piety under Lugonu
 34977 | Lair:8   | Noticed Kirke
 34985 | Lair:8   | Noticed a sphinx
 34989 | Lair:8   | Paralysed by a sphinx for 2 turns
 35232 | Lair:8   | Killed Kirke
 35232 | Lair:8   | Reached skill level 11 in Shields
 35605 | Lair:8   | Found a burning altar of Makhleb.
 36338 | Lair:8   | Found a viscous altar of Jiyva.
 36339 | Lair:8   | Found a staircase to the Slime Pits.
 36471 | Lair:8   | Reached skill level 12 in Shields
 36721 | Lair:8   | Found a gateway to Hell.
 36906 | Spider:1 | Entered Level 1 of the Spider Nest
 37177 | Spider:2 | Noticed Chiseanne's ghost (adept CeAK)
 37218 | Spider:2 | Banished Chiseanne's ghost
 37218 | Spider:2 | Reached XP level 16. HP: 96/141 MP: 28/28
 39000 | Spider:2 | Reached skill level 13 in Shields
 39398 | Spider:3 | HP: 5/141 [jumping spider (9)]
 39668 | Spider:3 | Noticed Arachne
 39672 | Spider:3 | Banished Arachne
 40179 | Spider:4 | Entered Level 4 of the Spider Nest
 40418 | Spider:4 | Reached skill level 14 in Shields
 41388 | Spider:4 | Corrupted Spider:4
 41388 | Spider:4 | Noticed a tentacled starspawn
 41388 | Spider:4 | Noticed a lich
 41388 | Spider:4 | Noticed a tentacled starspawn
 41440 | Spider:4 | Killed Wiglaf
 42057 | Spider:4 | Got a gossamer rune of Zot
 42655 | Shoals:1 | Entered Level 1 of the Shoals
 42685 | Shoals:1 | Corrupted Shoals:1
 42685 | Shoals:1 | Noticed a tentacled starspawn
 42693 | Shoals:1 | Reached XP level 17. HP: 81/148 MP: 23/29
 42786 | Shoals:1 | Noticed Louise
 42805 | Shoals:1 | Banished Louise
 42879 | Shoals:1 | Reached skill level 15 in Shields
 43856 | Shoals:2 | Found Plog's Magic Scroll Emporium.
 43861 | Shoals:2 | Bought a scroll of enchant weapon for 150 gold pieces
 43861 | Shoals:2 | Bought a scroll of enchant weapon for 150 gold pieces
 43861 | Shoals:2 | Bought a scroll of enchant armour for 150 gold pieces
 43861 | Shoals:2 | Bought a scroll of enchant armour for 150 gold pieces
 43861 | Shoals:2 | Bought a scroll of fog for 40 gold pieces
 43861 | Shoals:2 | Bought a scroll of brand weapon for 400 gold pieces
 43861 | Shoals:2 | Bought a scroll of immolation for 70 gold pieces
 43861 | Shoals:2 | Bought a scroll of remove curse for 60 gold pieces
 43861 | Shoals:2 | Bought a scroll of identify for 40 gold pieces
 44308 | Shoals:4 | Entered Level 4 of the Shoals
 44416 | Shoals:4 | Got an encrusted chain mail
 44423 | Shoals:4 | Identified the +5 chain mail of Freedom {MR++ Slay+3} (You found it on level 4 of the Shoals)
 45663 | Shoals:4 | Noticed a kraken
 45756 | Shoals:3 | Noticed magog001's ghost (journeyman MiFi)
 46355 | Shoals:3 | Reached skill level 1 in Maces & Flails
 46380 | Shoals:3 | Noticed Ilsuiw
 48086 | Shoals:4 | Reached skill level 16 in Shields
 48112 | Shoals:4 | Identified the Almanac of Heat
 48193 | Shoals:4 | Reached skill level 5 in Maces & Flails
 48565 | Shoals:4 | Got a barnacled rune of Zot
 49169 | Vaults:1 | Entered Level 1 of the Vaults
 49217 | Vaults:1 | Noticed Jorgrun
 49255 | Vaults:1 | Killed Jorgrun
 49639 | Vaults:1 | Noticed Aizul
 49676 | Vaults:1 | Killed from afar by Aizul

Skill      XL: |  1  2  3  4  5  6  7  8  9 10 11 12 13 14 15 16 17 |
---------------+----------------------------------------------------+-----
Invocations    | 3 4 5 6 8 9 10 12 13 | 13.3
Armour         | 2 3 4 5 6 7 8 9 10 | 10.0
Fighting       | 4 5 6 8 9 10 11 12 | 12.7
Dodging        | 1 2 3 4 5 6 7 8 9 |  9.2
Shields        | 1 8 12 14 16 | 16.1
Maces & Flails | 6 |  6.2
Axes           | |  1.7

Action                   |  1- 3 |  4- 6 |  7- 9 | 10-12 | 13-15 | 16-18 || total
-------------------------+-------+-------+-------+-------+-------+-------++-------
Melee: Hand axe          |   120 |   210 |    64 |    12 |    82 |    29 ||   517
       Kick              |    14 |    32 |   137 |   382 |  1700 |  1145 ||  3410
       Falchion          |       |     2 |    28 |    92 |    80 |   269 ||   471
       Flail             |       |       |   274 |    46 |  1575 |   594 ||  2489
       Spear             |       |       |   162 |   490 |  1225 |  1479 ||  3356
       Great sword       |       |       |       |   406 |   127 |       ||   533
       Unarmed           |       |       |       |       |    16 |       ||    16
       Rapier            |       |       |       |       |       |   282 ||   282
       Demon trident     |       |       |       |       |       |     9 ||     9
 Fire: Hunting sling     |       |       |       |    14 |    13 |       ||    27
       Blowgun           |       |       |       |    11 |     8 |       ||    19
Throw: Stone             |     2 |     2 |     1 |       |       |       ||     5
       Throwing net      |       |       |       |       |     1 |     1 ||     2
Invok: Depart the Abyss  |     1 |       |       |     2 |     2 |       ||     5
       Banish            |       |       |     7 |    20 |    38 |    41 ||   106
       Bend Space        |       |       |       |     1 |     1 |       ||     2
       Corrupt           |       |       |       |       |       |     2 ||     2
Evoke: Wand              |       |       |     2 |    13 |    10 |    19 ||    44
       Fan of gales      |       |       |       |       |       |     2 ||     2
  Use: Scroll            |     4 |     1 |    12 |     6 |    14 |    39 ||    76
       Potion            |       |     3 |     7 |     3 |     3 |    35 ||    51
 Stab: Paralysed         |       |     1 |       |       |       |       ||     1
       Confused          |       |       |       |       |     3 |       ||     3
       Petrifying        |       |       |       |       |     1 |       ||     1
       Petrified         |       |       |       |       |     1 |       ||     1
       Invisible         |       |       |       |       |       |     4 ||     4
  Eat: Chunk             |     2 |     7 |    16 |    34 |    57 |    13 ||   129
       Pizza             |       |       |       |     1 |     3 |     3 ||     7
       Royal jelly       |       |       |       |     2 |       |       ||     2
       Beef jerky        |       |       |       |       |     6 |     1 ||     7
       Fruit             |       |       |       |       |       |    18 ||    18
       Bread ration      |       |       |       |       |       |     5 ||     5
Armor: Chain mail        |    10 |       |       |       |       |     3 ||    13
       Scale mail        |    56 |    42 |       |       |  1325 |  1704 ||  3127
       Ring mail         |       |   134 |   263 |       |       |       ||   397
       Plate armour      |       |       |   196 |  1138 |   704 |       ||  2038
Dodge: Dodged            |    52 |    65 |   130 |   195 |  1301 |   907 ||  2650
Block: Other             |       |       |       |    46 |    76 |       ||   122
       Buckler           |       |       |       |       |   197 |       ||   197
       Reflection        |       |       |       |       |    21 |    65 ||    86
       Shield            |       |       |       |       |  1444 |       ||  1444
       Large shield      |       |       |       |       |  1751 |  3983 ||  5734
